 Dungeon Crawl Stone Soup version 0.29-a0-845-g6161e89988 (webtiles) character file.

Game seed: 14471796941483181102

44 LynnLen the Sneak (level 3, -1/18 (20) HPs)
             Began as a Vampire Enchanter on July 16, 2022.
             Slain by a hobgoblin (4 damage)
             ... on level 2 of the Dungeon.
             The game lasted 00:03:03 (963 turns).

LynnLen the Sneak (Vampire Enchanter)                Turns: 963, Time: 00:03:03

HP:   -1/18 (20)    AC:  3    Str:  7    XL:     3   Next: 41%
MP:   6/6           EV: 12    Int: 17    God:
Gold: 41            SH:  0    Dex: 16    Spells: 6/6 levels left

rFire   . . .      SeeInvis +   a - +1 dagger
rCold   + + .      Faith    .   (no shield)
rNeg    + + +      Spirit   .   k - +0 leather armour
rPois   ∞          Reflect  .   (no helmet)
rElec   .          Harm     .   (no cloak)
rCorr   .          Rampage  .   (no gloves)
Will    .....                   (no boots)
Stlth   +++++.....              (no amulet)
HPRegen 0.00/turn               (no ring)
MPRegen 0.10/turn               (no ring)

@: bloodless, inhibited regen, heavily drained
A: bloodless, fangs 3, see invisible, vampiric 2
a: Bat Form, Revivify


You were on level 2 of the Dungeon.
You visited 1 branch of the dungeon, and saw 2 of its levels.

You collected 41 gold pieces.

Inventory:

Hand Weapons
 a - a +1 dagger (weapon)
Missiles
 e - 5 poisoned darts (quivered)
Armour
 b - a +0 robe
 k - a +0 leather armour (worn)
Jewellery
 i - a ring of magical power
Wands
 o - a wand of polymorph (3)
Scrolls
 h - a scroll of enchant armour {unknown}
 j - a scroll of magic mapping {unknown}
 m - 2 scrolls of teleportation {unknown}
Potions
 c - 2 potions of invisibility
 d - a potion of mutation {unknown}
 f - a potion of heal wounds
 g - a potion of curing {unknown}
 l - 2 potions of magic
 n - 2 potions of brilliance {unknown}


   Skills:
 * Level 1.0 Fighting
 * Level 2.2 Short Blades
 + Level 2.4 Dodging
 + Level 5.5 Stealth
 - Level 2.0 Spellcasting
 - Level 4.4 Hexes


You had 6 spell levels left.
You didn't know any spells.
Your spell library contained the following spells:

 Spells                   Type           Power      Damage    Failure   Level
 Confusing Touch          Hex            16%        N/A       14%         3
 Tukima's Dance           Hex            16%        N/A       14%         3
 Ensorcelled Hibernation  Hex/Ice        18%        N/A       19%         2
 Dazzling Flash           Conj/Hex       18%        N/A       34%         3


Dungeon Overview and Level Annotations

Branches:
Dungeon (2/15)

Altars:


Innate Abilities, Weirdness & Mutations

You do not regenerate when monsters are visible.
You are frail without blood (-20% HP).
You can heal yourself when you bite living creatures.
You are immune to poison.
You have razor-sharp teeth.
You have supernaturally acute eyesight. (SInv)
You are afflicted with vampirism and can become a bat while bloodless.


Message History

You hit the hobgoblin but do no damage. The hobgoblin barely misses you.
The rat bites you but does no damage.
You closely miss the hobgoblin.
The hobgoblin hits you but does no damage.
The rat closely misses you.
You closely miss the hobgoblin.
A hobgoblin comes into view.
The hobgoblin barely misses you. The rat misses you.
The hobgoblin shouts!
You hit the hobgoblin.
The hobgoblin is lightly wounded.
The hobgoblin misses you. The endoplasm hits you. The rat closely misses you.
You barely miss the hobgoblin. Your bite misses the hobgoblin.
The hobgoblin is lightly wounded.
The endoplasm freezes you.
You are frozen.
You resist. The rat closely misses you. The hobgoblin barely misses you.
You barely miss the hobgoblin.
The hobgoblin is lightly wounded.
You hit the hobgoblin.
The hobgoblin is heavily wounded.
The rat bites you.
* * * LOW HITPOINT WARNING * * *
The endoplasm freezes you.
You are frozen.
You resist.
* * * LOW HITPOINT WARNING * * *
The hobgoblin barely misses you.
You hit the endoplasm but do no damage.
You bite the endoplasm, but do no damage.
The rat misses you. The endoplasm barely misses you.
The hobgoblin completely misses you.
You hit the endoplasm but do no damage. The endoplasm freezes you.
You are frozen.
You resist.
* * * LOW HITPOINT WARNING * * *
The rat closely misses you. The hobgoblin misses you.
You hit the endoplasm.
The endoplasm is almost dead.
The hobgoblin hits you.
You die...

........ #.... ..# .
##...# ..###... ....#
........ #...# #
..###... #...####.#
..###...
#####..(..J..
........ .......g..#
#.#..... #..rg#.#
....###. #.###@#.#
..#.# ### ##J.# ###.#
... #..#### .. . #.#
##.....# ### .#
#.###.####.# ..##
#...## # #..#
##.#####<##
#.............)#
#........###...######


You could see an endoplasm, a hobgoblin, a goblin and a rat.

Vanquished Creatures
  An adder (D:2)
  2 endoplasms
  A goblin (D:2)
  5 hobgoblins
  4 kobolds
  3 quokkas (D:1)
  5 ball pythons
  6 bats (D:1)
  3 frilled lizards (D:1)
  4 rats
34 creatures vanquished.

Notes
Turn   | Place    | Note
-------+----------+-------------------------------------------
     0 | D:1      | LynnLen the Vampire Enchanter began the quest for the Orb.
     0 | D:1      | Reached XP level 1. HP: 13/13 MP: 3/3
    77 | D:1      | Reached XP level 2. HP: 20/20 MP: 5/5
    89 | D:1      | Reached skill level 5 in Stealth
   854 | D:2      | Gained mutation: You are afflicted with vampirism and can
                  | become a bat while bloodless. [Vampire growth]
   854 | D:2      | Reached XP level 3. HP: 16/17 MP: 6/6
   952 | D:2      | Reached skill level 1 in Fighting
   963 | D:2      | Slain by a hobgoblin

Illustrated notes

Levels and vault maps discovered:
D:1:      dpeg_arrival_water_temple_mockup, layout_loops_ring
D:2:      layout_loops_ring

Skill      XL: |  1  2  3 |
---------------+----------+-----
Stealth        | 5 |  5.5
Short Blades   | 2 |  2.2
Fighting       | 1 |  1.0
Dodging        | |  2.4
Spellcasting   | |  2.0
Hexes          | |  4.4

Action                   || total
-------------------------++-------
Melee: Dagger            ||   100
       Bite              ||    11
       Punch             ||     2
 Abil: Exsanguinate      ||     1
  Use: Scroll            ||     2
 Stab: Sleeping          ||    12
Armor: Robe              ||     5
       Leather armour    ||    27
Dodge: Dodged            ||    62

Table legend: (Time is in decaauts)
 A = Elapsed time spent in this place.
 B = Non-inter-level travel time spent in this place.
 C = Inter-level travel time spent in this place.
 D = Time resting spent in this place.
 E = Time spent auto-exploring this place.
 F = Levels seen in this place.
 G = Mean time per level.
                   A        B        C        D        E       F      G
               +--------+--------+--------+--------+--------+-----+--------+
         Total |    953 |    953 |      0 |      0 |    570 |   2 |  476.5 |
       Dungeon |    953 |    953 |      0 |      0 |    570 |   2 |  476.5 |
               +--------+--------+--------+--------+--------+-----+--------+

Top non-repeatable levels by time:
     D:1: 741 daAuts
     D:2: 212 daAuts
